 Dungeon Crawl Stone Soup version 0.24.0-10-g970556be89 (webtiles) character file.

Game seed: 183474490052327701, levelgen mode: deterministic

10710 Monsterracer the Cleaver (level 11, -2/103 HPs)
             Began as a Deep Dwarf Fighter on Nov 3, 2019.
             Was a Priest of Makhleb.
             Slain by Jorgrun
             ... wielding an uncursed staff of earth
              (9 damage)
             ... on level 2 of the Orcish Mines.
             The game lasted 00:07:26 (8340 turns).

Monsterracer the Cleaver (Deep Dwarf Fighter)       Turns: 8340, Time: 00:07:27

Health: -2/103     AC: 29    Str: 23    XL:     11   Next: 39%
Magic:  0/0        EV: 18    Int: 12    God:    Makhleb [***...]
Gold:   1132       SH: 12    Dex: 14    Spells: 10/10 levels left

rFire    . . .     SeeInvis .   a - +1 war axe
rCold    . . .     Gourm    .   i - +0 shield
rNeg     . . .     Faith    .   w - +2 crystal plate armour
rPois    .         Spirit   .   B - +1 helmet {Int+3}
rElec    .         Reflect  .   x - +0 cloak
rCorr    .         Harm     .   n - +2 pair of gloves
MR       +....                  (no boots)
Stlth    ..........             y - amulet of the acrobat
HPRegen  0.00/turn              A - +2 ring of dexterity
MPRegen  0.07/turn              (no ring)

@: acrobat, non-regenerating
A: damage resistance, heal wounds, sense surroundings 2, no regeneration
a: Heal Wounds, Minor Destruction, Lesser Servant of Makhleb, Renounce Religion


You were on level 2 of the Orcish Mines.
You worshipped Makhleb.
Makhleb was most pleased with you.
You were not hungry.

You visited 3 branches of the dungeon, and saw 12 of its levels.
You also visited: Bailey and Volcano.

You collected 1132 gold pieces.

Inventory:

Hand Weapons
 a - a +1 war axe (weapon)
 g - a +1 flail of protection
   (You took it off an orc on level 4 of the Dungeon)
Armour
 i - a +0 shield (worn)
 n - a +2 pair of gloves (worn)
   (You found it on level 1 of the Dungeon)
 w - a +2 crystal plate armour (worn)
   (You found it in a bailey)
 x - a +0 cloak (worn)
   (You took it off Crazy Yiuf on level 5 of the Dungeon)
 B - a +1 helmet of intelligence (worn)
   (You found it in a bailey)
Jewellery
 y - an amulet of the acrobat (around neck)
   (You found it on level 6 of the Dungeon)
 A - a +2 ring of dexterity (left hand)
   (You found it on level 7 of the Dungeon)
Wands
 m - a wand of acid (4)
   (You found it on level 2 of the Dungeon)
 v - a wand of flame (50)
   (You found it on level 8 of the Dungeon)
Scrolls
 p - 3 scrolls of enchant weapon
 r - 2 scrolls of remove curse
 t - 10 scrolls of teleportation {!r}
Potions
 b - 2 potions of cancellation
 d - 7 potions of heal wounds
 e - a potion of curing
 h - 4 potions of haste
 j - 2 potions of might
 k - a potion of lignification
 l - a potion of resistance {unknown}
 o - a potion of mutation {unknown}
 q - 2 potions of ambrosia {unknown}
 s - 4 potions of flight
 u - 2 potions of agility {unknown}
Comestibles
 c - 31 rations


   Skills:
 + Level 8.0 Fighting
 * Level 12.4 Axes
 + Level 9.5 Armour
 + Level 9.6 Shields


You had 10 spell levels left.
You didn't know any spells.
Your spell library contained the following spells:

 Spells                   Type           Power        Failure   Level  Hunger
 Animate Skeleton         Necr           N/A          100%        1    ##.....
 Apportation              Tloc           #.....       100%        1    ##.....
 Confusing Touch          Hex            #.....       100%        1    ##.....
 Magic Dart               Conj           #...         100%        1    ##.....
 Sandblast                Erth           #.....       100%        1    ##.....
 Summon Small Mammal      Summ           #...         100%        1    ##.....
 Blink                    Tloc           N/A          100%        2    ###....
 Call Imp                 Summ           #.......     100%        2    ###....
 Passwall                 Tmut/Erth      #.......     100%        2    ###....
 Slow                     Hex            #.......     100%        2    ###....
 Conjure Flame            Conj/Fire      #.......     100%        3    ####...
 Mephitic Cloud           Conj/Pois/Air  #.......     100%        3    ####...
 Stone Arrow              Conj/Erth      #.....       100%        3    ####...
 Petrify                  Tmut/Erth      #.......     100%        4    #####..
 Lee's Rapid Deconstruct  Erth           #.........   100%        5    ######.


Dungeon Overview and Level Annotations

Branches:
Dungeon (9/15)             Temple (1/1) D:7             Orc (2/2) D:9
    Elf (0/3) Orc:2        Bailey (visited)         Volcano (visited)
   Lair: D:8-11

Altars:
Ashenzari
Fedhas
Gozag
Kikubaaqudgha
Makhleb
Nemelex Xobeh
Okawaru
Qazlal
Ru
Sif Muna
Trog
Vehumet

Annotations:
D:8 3 runed translucent doors, EmberCloud's ghost, novice MiGl
Orc:2 Jorgrun


Innate Abilities, Weirdness & Mutations

You are resistant to damage.
You can heal yourself by infusing magical energy.
You passively map the area around you.
You do not regenerate.


Message History

The wall shatters!
The blast of rock fragments hits you but does no damage.
Something hits you but does no damage.
The orc wizard casts a spell.
The orc wizard seems to speed up.
You hit the orc priest.
The orc priest is heavily wounded.
You slash something!
Your neqoxec barely misses the orc priest.
The orc priest hits you but does no damage.
The orc priest calls upon Beogh to heal the orc priest.
The orc priest is healed somewhat.
Something hits you but does no damage.
You closely miss the orc priest.
The orc priest is lightly wounded.
You hit something but do no damage.
Your neqoxec hits the orc priest but does no damage.
The orc priest invokes the aid of Beogh against you.
Beogh smites you!
An orc warrior comes into view. It is wielding a +0 trident.
An orc wizard comes into view. It is wielding a +0 dagger.
You hear a shout!
You hit Jorgrun but do no damage.
You hit the orc priest but do no damage.
You hear a shout!
Your neqoxec hits the orc priest.
The orc priest hits you but does no damage.
The orc priest calls upon Beogh to heal the orc priest.
The orc priest's wounds heal themselves!
An orc wizard comes into view. It is wielding a +0 dagger.
Something barely misses your neqoxec.
You are too injured to fight recklessly!
Your shield and crystal plate armour prevent you from hitting Jorgrun.
Your crystal plate armour prevents you from hitting the orc priest.
The orc wizard gestures wildly while chanting.
The orc wizard flickers and vanishes!
Your neqoxec hits the orc priest. You block the orc priest's attack.
The orc priest mumbles some strange prayers to Beogh against you.
Beogh smites you! Jorgrun hits you but does no damage.
An orc warrior comes into view. It is wielding a +0 war axe.
You are too injured to fight recklessly!
You closely miss Jorgrun.
Your crystal plate armour prevents you from hitting the orc priest.
Something hits your neqoxec but does no damage.
The orc wizard casts a spell.
The orc wizard seems to speed up.
Your neqoxec gestures.
The orc priest calls down the wrath of Beogh upon you.
Beogh smites you!
* * * LOW HITPOINT WARNING * * *
The orc wizard casts a spell.
The orc wizard flickers and vanishes!
An orc priest comes into view. It is wielding a +0 short sword.
You slash Jorgrun!
Jorgrun is lightly wounded.
You slash the orc priest! Something barely misses your neqoxec.
Jorgrun hits you with an uncursed staff of earth!
* * * LOW HITPOINT WARNING * * *
Jorgrun crushes you!
* * * LOW HITPOINT WARNING * * *
Your neqoxec gestures at the orc priest.
The orc priest twists and deforms.
The orc priest barely misses your neqoxec.
Your shadow imp hits something but does no damage.
You hit Jorgrun but do no damage.
Jorgrun is lightly wounded.
You hit the orc warrior but do no damage.
Something hits your neqoxec.
An orc high priest comes into view.
It is wielding a +0 trident of protection.
Jorgrun points at you and mumbles some strange words.
Roots burst forth from the earth!
The grasping roots grab you!
* * * LOW HITPOINT WARNING * * *
The grasping roots constrict you.
An orc wizard comes into view. It is wielding a +0 dagger.
Your neqoxec closely misses something.
The orc priest misses your neqoxec.
You hear a shout!
You slash Jorgrun!
Jorgrun is lightly wounded.
Your crystal plate armour prevents you from hitting the orc warrior.
Your shadow imp hits the orc priest.
You hear some strange, mumbled words.
Your shadow imp resists with significant effort.
You block Jorgrun's attack.
* * * LOW HITPOINT WARNING * * *
The grasping roots constrict you!
The orc wizard gestures wildly while chanting.
The orc wizard blinks!
Your neqoxec closely misses the orc priest.
You block the orc warrior's attack.
The orc warrior barely misses your neqoxec.
The orc priest looks encouraged for a moment.
You escape the roots' grasp.
An orc priest and 2 orc wizards come into view.
The orc wizard shouts!
The orc priest shouts!
You hear a shout! x2
Your shadow imp barely misses something.
Something barely misses your neqoxec.
An orc sorcerer comes into view. It is wielding a +0 dagger.
Jorgrun hits you with an uncursed staff of earth.
Jorgrun crushes you!
You die...

##.....## #..#...##
####....# #....#
###... #.... ##...
*################
###. ,
.......@([.....##
#.
,.....53g).......##
##
#####o{o######...#
**,...ooooo ##..# *
..o...oo o , ##.# *
,,...o#####o ,,
,#.# ,,...o, . ,
#.# *, , ... ,, #o
, ,#.# * , * , ,#.#


You could see Jorgrun, an orc high priest, an orc sorcerer, 4 orc warriors, 6
orc priests, 2 orc wizards, a friendly neqoxec and a friendly shadow imp.

Vanquished Creatures
  2 orc knights (Bailey Orc:2)
  Pikel (D:5)
  A cyclops (Orc:2)
  A molten gargoyle (Volcano)
  A gargoyle (Volcano)
  A troll (D:9)
  A wyvern (D:9)
  7 yaks (D:9)
  A hungry ghost (D:8)
  Grum (D:9)
  4 hogs (D:7)
  2 steam dragons (D:8 D:9)
  2 fire elementals (Volcano)
  A human (D:7)
  2 wargs (D:9)
  A water moccasin (D:8)
  5 ice beasts (D:5 D:7 D:8)
  Duvessa (D:5)
  11 orc warriors (D:4 D:6 Bailey D:8 D:9)
  A sky beast (D:5)
  3 phantoms (D:4 D:5)
  2 wolves (D:9)
  3 centaurs (D:5 D:8)
  7 ogres (D:4 D:5 D:6 D:7 D:9)
  Blork the orc (D:5)
  6 bullfrogs (D:7 D:8 D:9)
  Dowan (D:5)
  2 scorpions (D:5)
  2 howler monkeys (D:7)
  2 crimson imps (D:6 D:8)
  5 hounds (D:4 D:5 D:6 D:7 D:9)
  2 jellies (D:7 D:9)
  7 orc priests (D:6 D:7 D:9 Orc:2)
  3 bullfrog skeletons (D:8 D:9)
  Crazy Yiuf (D:5)
  A centaur skeleton (D:4)
  5 iguanas (D:3 D:4 D:5 D:9)
  9 orc wizards (D:3 D:4 D:5 D:6 D:7)
  12 worker ants (D:4 D:6 D:7 D:8 D:9)
  A killer bee zombie (D:7)
  A hound zombie (D:8)
  A hound skeleton (D:5)
  2 howler monkey skeletons (D:6 D:9)
  2 gnolls (D:7)
  9 adders (D:2 D:3 D:4 D:5 D:7)
  An ooze (D:1)
  2 adder skeletons (D:5 D:7)
  An adder zombie (D:8)
  2 worms (D:3)
  2 dart slugs (D:1 D:2)
  5 leopard geckos (D:3 D:4 D:6 D:8 D:9)
  53 orcs (D:3 D:4 D:5 D:6 D:7)
  7 giant cockroaches (D:1 D:2 D:4 D:5 D:7)
  5 goblins (D:1 D:3 D:7 D:9)
  9 hobgoblins (D:1 D:2 D:3)
  9 jackals (D:3 D:4 D:7)
  7 quokkas (D:3 D:4 D:5 D:7 D:8)
  3 ball pythons (D:2 D:3 D:7)
  5 bats (D:1 D:2 D:3)
  3 frilled lizards (D:2 D:5)
  6 kobolds (D:1 D:2)
  A leopard gecko skeleton (D:6)
  A leopard gecko zombie (D:7)
  3 rats (D:1 D:2)
262 creatures vanquished.

Vanquished Creatures (others)
  Prince Ribbit (D:5)
  An orc (Orc:2)
2 creatures vanquished.

Grand Total: 264 creatures vanquished

Notes
Turn   | Place    | Note
-------+----------+-------------------------------------------
     0 | D:1      | Monsterracer the Deep Dwarf Fighter began the quest for the
                  | Orb.
     0 | D:1      | Reached XP level 1. HP: 20/20 MP: 1/1
   171 | D:1      | Reached XP level 2. HP: 27/27 MP: 2/2
   601 | D:2      | Reached skill level 3 in Axes
   601 | D:2      | Reached XP level 3. HP: 31/34 MP: 3/3
  1077 | D:3      | HP: 17/34 [orc wizard/puff of flame (2)]
  1081 | D:3      | Reached XP level 4. HP: 19/42 MP: 4/4
  1313 | D:3      | HP: 21/42 [iguana (2)]
  1530 | D:3      | Reached skill level 4 in Axes
  1530 | D:3      | Reached XP level 5. HP: 42/49 MP: 5/5
  1760 | D:4      | Noticed a phantom
  1803 | D:4      | HP: 23/49 [phantom (3)]
  1876 | D:4      | Killed a phantom
  1876 | D:4      | Reached XP level 6. HP: 53/57 MP: 6/6
  1943 | D:4      | HP: 24/57 [iguana (5)]
  1945 | D:4      | Reached skill level 5 in Axes
  1959 | D:4      | Found an iron altar of Okawaru.
  1961 | D:4      | HP: 28/57 [ogre/+0 giant spiked club (24)]
  2071 | D:4      | Noticed an orc warrior
  2076 | D:4      | HP: 25/57 [orc warrior/+1 hand axe of chopping (9)]
  2083 | D:4      | Killed an orc warrior
  2083 | D:4      | Reached skill level 5 in Armour
  2083 | D:4      | Reached skill level 5 in Shields
  2083 | D:4      | Reached XP level 7. HP: 50/64 MP: 6/6
  2109 | D:4      | Found a shattered altar of Ashenzari.
  2280 | D:4      | Reached skill level 6 in Axes
  2606 | D:5      | Entered Level 5 of the Dungeon
  2638 | D:5      | Noticed Blork the orc
  2653 | D:5      | Killed Blork the orc
  2665 | D:5      | Noticed Dowan
  2665 | D:5      | Noticed Duvessa
  2688 | D:5      | Killed Duvessa
  2695 | D:5      | Killed Dowan
  2716 | D:5      | Found a runed translucent door.
  2717 | D:5      | Noticed Crazy Yiuf
  2767 | D:5      | Found a blossoming altar of Fedhas.
  2835 | D:5      | Noticed Pikel
  2836 | D:5      | Noticed Prince Ribbit
  2858 | D:5      | Killed Pikel
  2858 | D:5      | Reached skill level 7 in Axes
  2858 | D:5      | Reached XP level 8. HP: 59/73 MP: 6/6
  2865 | D:5      | Killed Prince Ribbit
  2865 | D:5      | Reached skill level 5 in Fighting
  3236 | D:5      | Reached skill level 8 in Axes
  3299 | D:5      | Gained mutation: You passively map the area around you.
                  | [Deep Dwarf growth]
  3299 | D:5      | Reached XP level 9. HP: 55/81 MP: 6/6
  3451 | D:5      | Killed Crazy Yiuf
  3781 | D:6      | Reached skill level 9 in Axes
  4357 | D:7      | Reached skill level 10 in Axes
  4599 | D:7      | Found a staircase to the Ecumenical Temple.
  4618 | Temple   | Entered the Ecumenical Temple
  4623 | Temple   | Became a worshipper of Makhleb the Destroyer
  4763 | D:7      | Found a flagged portal.
  4776 | Bailey   | Entered a bailey
  4960 | Bailey   | Noticed an orc knight
  4972 | Bailey   | HP: 38/85 [orc warrior/+0 glaive (16)]
  4985 | Bailey   | Reached XP level 10. HP: 51/92 MP: 7/7
  5022 | Bailey   | Got a slimy buckler
  5028 | Bailey   | HP: 45/92 [orc knight/+0 glaive (19)]
  5031 | Bailey   | HP: 17/92 [orc warrior/+0 glaive (28)]
  5039 | Bailey   | Noticed an orc knight
  5039 | Bailey   | HP: 20/92 [orc knight/+0 glaive (21)]
  5049 | Bailey   | HP: 44/92 [orc knight/+0 glaive (4)]
  5062 | Bailey   | HP: 43/92 [orc knight/+0 glaive (19)]
  5071 | Bailey   | HP: 23/92 [orc knight/+0 glaive (5)]
  5073 | Bailey   | Killed an orc knight
  5101 | Bailey   | HP: 34/92 [orc knight/+0 glaive (12)]
  5103 | Bailey   | HP: 8/92 [orc warrior/+0 halberd (12)]
  5136 | D:7      | Identified the cursed +0 buckler "Jies" {Int+4 Dex+5} (You
                  | found it in a bailey)
  5469 | D:8      | Noticed EmberCloud's ghost (novice MiGl)
  5521 | D:8      | Found a runed translucent gate.
  5521 | D:8      | Found a runed translucent gate.
  5521 | D:8      | Found a runed translucent gate.
  5536 | D:8      | HP: 40/92 [/a scroll of torment (29)]
  5670 | D:8      | Reached * piety under Makhleb
  5967 | D:8      | Reached skill level 11 in Axes
  6609 | D:9      | Found a staircase to the Orcish Mines.
  6668 | D:9      | Found a radiant altar of Vehumet.
  6888 | D:9      | Reached ** piety under Makhleb
  7007 | D:9      | Reached XP level 11. HP: 92/100 MP: 2/2
  7028 | D:9      | Noticed Grum
  7042 | D:9      | Killed Grum
  7107 | D:9      | Got a smelly leather armour
  7140 | D:9      | HP: 50/100 [steam dragon/ball of steam (15)]
  7506 | Orc:1    | Entered Level 1 of the Orcish Mines
  7619 | Orc:2    | Entered Level 2 of the Orcish Mines
  7627 | Orc:2    | Noticed an orc knight
  7636 | Orc:2    | Reached skill level 12 in Axes
  7644 | Orc:2    | HP: 51/102 [orc knight/+0 long sword (8)]
  7655 | Orc:2    | Killed an orc knight
  7766 | Orc:2    | Reached *** piety under Makhleb
  7794 | Orc:2    | Found a staircase to the Elven Halls.
  7814 | Orc:2    | Found a dark tunnel.
  7900 | Volcano  | Entered a volcano
  8047 | Volcano  | HP: 49/103 [molten gargoyle/bolt of magma (16)]
  8052 | Volcano  | HP: 31/103 [molten gargoyle/bolt of magma (18)]
  8053 | Volcano  | HP: 6/103 [molten gargoyle/bolt of magma (25)]
  8059 | Volcano  | HP: 51/103 [molten gargoyle/+0 flail (2)]
  8324 | Orc:2    | Noticed Jorgrun
  8333 | Orc:2    | HP: 47/103 [orc priest/divine providence (7)]
  8337 | Orc:2    | HP: 22/103 [Jorgrun/uncursed staff of earth (6)]
  8338 | Orc:2    | Noticed an orc high priest
  8339 | Orc:2    | HP: 7/103 [Jorgrun/uncursed staff of earth (4)]
  8340 | Orc:2    | Noticed an orc sorcerer
  8340 | Orc:2    | Slain by Jorgrun

Levels and vault maps discovered:
D:1:      dpeg_arrival_arbitrary_a, layout_basic
D:2:      layout_rooms, serial_glass, glass_columns_b, glass_columns_a,
          first_ration
D:3:      layout_loops_corners, due_unseen_surprise
D:4:      layout_loops_ring, marbit_many_paths, okawaru_gym_becter
D:5:      minmay_bubble_buster, layout_basic, basic_altar, uniq_pikel,
          uniq_prince_ribbit1, uniq_blork_the_orc, uniq_crazy_yiuf_cottage,
          uniq_duvessa
D:6:      layout_gridville
D:7:      layout_gridville, minmay_temple_entry_drinking_statues,
          enter_bailey_7, grunt_livestock
D:8:      layout_layer_cave, gammafunk_ghost_icy
D:9:      layout_long_grid, david_orc_1_choice, minmay_misc_feat_room,
          vehumet_altar_wand_db, uniq_grum
Temple:   grunt_wide_crystal_templ
Orc:1:    layout_caves, mines2_david, uniq_erolcha, uniq_josephine
Orc:2:    st_orc_mages, layout_diamond_mine, basic_altar,
          nicolae_volcano_entry_hallway, uniq_jorgrun

Skill      XL: |  1  2  3  4  5  6  7  8  9 10 11 |
---------------+----------------------------------+-----
Fighting       | 3 4 5 6 7 8 |  8.0
Axes           | 3 4 5 7 8 10 11 12 | 12.4
Armour         | 4 5 6 7 9 |  9.5
Shields        | 4 5 6 7 9 |  9.6

Action                   |  1- 3 |  4- 6 |  7- 9 | 10-12 || total
-------------------------+-------+-------+-------+-------++-------
Melee: War axe           |   117 |   168 |   418 |   487 ||  1190
Invok: Lesser Servant of |       |       |       |     1 ||     1
 Abil: Heal Wounds       |       |     7 |     8 |    24 ||    39
Evoke: Wand              |       |     2 |       |       ||     2
  Use: Scroll            |       |     8 |     6 |     9 ||    23
  Eat: Chunk             |       |     4 |    10 |     9 ||    23
       Ration            |       |       |       |     2 ||     2
Armor: Scale mail        |    63 |    66 |       |       ||   129
       Plate armour      |       |       |   275 |    13 ||   288
       Crystal plate arm |       |       |       |   251 ||   251
Dodge: Dodged            |    40 |    47 |    87 |    54 ||   228
Block: Shield            |    62 |    90 |   294 |   257 ||   703
